 Dungeon Crawl Stone Soup version 0.20-a0-983-g35de22d (webtiles) character file.

609088 Tabu the Ruinous (level 26, 140/140 HPs)
             Began as a Deep Elf Fire Elementalist on Oct 23, 2016.
             Was an Elder of Sif Muna.
             Quit the game on level 4 of the Depths on Apr 10, 2017.
             The game lasted 07:11:19 (80716 turns).

Tabu the Ruinous (Deep Elf Fire Elementalist)      Turns: 80716, Time: 07:11:19

Health: 140/140    AC: 18    Str: 10    XL:     26   Next: 18%
Magic:  75/75      EV: 21    Int: 33    God:    Sif Muna [****..]
Gold:   6478       SH: 13    Dex: 16    Spells: 5/69 levels left

rFire    + + .     SeeInvis +   b - staff of power
rCold    + + .     Gourm    .   D - +3 buckler {rN+}
rNeg     + + .     Faith    .   k - +5 robe of Night {Dark MR+ SInv}
rPois    +         Spirit   .   M - +2 helmet "Hagycunk" {*Drain rC+ rN+}
rElec    +         Reflect  +   I - +2 cloak {+Inv}
rCorr    .         Harm     .   i - +2 pair of gloves {archery}
MR       ++++.                  y - +1 pair of boots of the Butterfly {rPois MR+}
Stlth    +++.......             L - +5 amulet of reflection
Regen    0.4/turn               t - ring "Yfopnaz" {rElec rF+ Str+5}
MPRegen  0.5/turn               u - ring of Kindness {rF+ rC+ MP+9 Dex+3}

@: delayed fireball, divine energy
A: [clumsy 1]
}: 4/15 runes: decaying, slimy, silver, gossamer
a: Stop Divine Energy, Channel Magic, Forget Spell, Renounce Religion, Release
Delayed Fireball, Evoke Invisibility


You were on level 4 of the Depths.
You worshipped Sif Muna.
Sif Muna was greatly pleased with you.
You were not hungry.

You visited 10 branches of the dungeon, and saw 50 of its levels.
You visited the Abyss 2 times.
You also visited: Ossuary and Volcano.

You collected 8212 gold pieces.
You spent 1734 gold pieces at shops.

Inventory:

Hand Weapons
 a - the +7 flail "Tisan" {pain, rElec rC+ Stlth+}
   (You bought it in a shop on level 8 of the Dungeon)

   In the hands of one skilled in necromantic magic, it inflicts extra damage on
   living creatures.
   It protects you from cold.
   It insulates you from electricity.
   It makes you more stealthy.
Armour
 i - a +2 pair of gloves of archery (worn)
 k - the +5 robe of Night (worn) {Dark MR+ SInv}
   (You took it off a deep elf death mage on level 5 of the Vaults)

   It affects your resistance to hostile enchantments.
   It lets you see invisible.
 v - a +2 robe of the Archmagi
 y - the +1 pair of boots of the Butterfly (worn) {rPois MR+}
   (You found it in a volcano)

   It protects you from poison.
   It affects your resistance to hostile enchantments.
 D - a +3 buckler of positive energy (worn)
 I - a +2 cloak of invisibility (worn)
 M - the +2 helmet "Hagycunk" (worn) {*Drain rC+ rN+}
   (You found it on level 9 of the Dungeon)

   It protects you from cold.
   It protects you from negative energy.
   It causes draining when unequipped.
Magical Staves
 b - an uncursed staff of power (weapon)
Jewellery
 t - the ring "Yfopnaz" (left hand) {rElec rF+ Str+5}
   (You found it on level 5 of the Pits of Slime)

   [ring of strength]

   It affects your strength (+5).
   It protects you from fire.
   It insulates you from electricity.
 u - the ring of Kindness (right hand) {rF+ rC+ MP+9 Dex+3}
   (You took it off a vault warden on level 5 of the Vaults)

   [ring of magical power]

   It affects your dexterity (+3).
   It protects you from fire.
   It protects you from cold.
   It affects your magic capacity (+9).
 E - an uncursed ring of wizardry
 J - an uncursed ring of fire
 L - a +5 amulet of reflection (around neck)
 Z - an uncursed ring of protection from magic
Wands
 f - a wand of iceblast (5/15)
 H - a wand of iceblast (3/15)
 S - a wand of removedness (9/24)
 U - a wand of lightning (8/15)
 Y - a wand of removedness (5/24)
Scrolls
 d - 9 scrolls of identify
 g - 9 scrolls of recharging
 j - 19 scrolls of remove curse
 l - 3 scrolls of blinking
 m - 16 scrolls of amnesia
 o - 2 scrolls of brand weapon
 p - 19 scrolls of teleportation
 z - a scroll of torment
 N - 2 scrolls of magic mapping
 Q - a scroll of holy word
 R - 5 scrolls of enchant armour
 X - 3 scrolls of fear
Potions
 e - 3 potions of brilliance
 h - 9 potions of curing
 r - 6 potions of flight
 x - 11 potions of lignification
 A - 2 potions of resistance
 B - 6 potions of mutation
 K - 4 potions of ambrosia
 O - 3 potions of haste
 P - 4 potions of cancellation
Books
 n - Peobe's Handbook of Spatial Cold
   (Sif Muna gifted it to you on level 1 of the Depths)

   Spells                             Type                      Level
   a - Recall                         Summoning/Translocation      3
   b - Lesser Beckoning               Translocation                3
   c - Force Lance                    Conjuration/Translocation    4
   d - Summon Forest                  Summoning/Translocation      5
   e - Freezing Cloud                 Conjuration/Ice/Air          6
   f - Simulacrum                     Ice/Necromancy               6
   g - Malign Gateway                 Summoning/Translocation      7
   h - Glaciate                       Conjuration/Ice              9
 q - Uxaimypt's Catalogue of the Arsonist and Boosts
   (Sif Muna gifted it to you on level 2 of the Elven Halls)

   Spells                             Type                      Level
   a - Throw Flame                    Conjuration/Fire             2
   b - Iskenderun's Battlesphere      Conjuration/Charms           5
   c - Deflect Missiles               Charms/Air                   6
   d - Ring of Flames                 Charms/Fire                  7
 C - Sif Muna's Collected Works on Evil
   (Sif Muna gifted it to you on level 3 of the Swamp)

   Spells                             Type                      Level
   a - Vampiric Draining              Necromancy                   3
   b - Excruciating Wounds            Charms/Necromancy            5
   c - Haunt                          Necromancy/Summoning         7
   d - Infestation                    Necromancy                   8
   e - Necromutation                  Transmutation/Necromancy     8
 G - Sif Muna's Compendium of Ghastly Combat Magic
   (Sif Muna gifted it to you on level 2 of the Vaults)

   Spells                             Type                      Level
   a - Throw Icicle                   Conjuration/Ice              4
   b - Fulminant Prism                Conjuration/Hexes            4
   c - Orb of Destruction             Conjuration                  7
   d - Haunt                          Necromancy/Summoning         7
   e - Fire Storm                     Conjuration/Fire             9
 T - a Necronomicon

   Spells                             Type                      Level
   a - Haunt                          Necromancy/Summoning         7
   b - Borgnjor's Revivification      Necromancy                   8
   c - Death's Door                   Charms/Necromancy            8
   d - Infestation                    Necromancy                   8
   e - Necromutation                  Transmutation/Necromancy     8
 V - a book of Transfigurations

   Spells                             Type                      Level
   a - Irradiate                      Conjuration/Transmutation    5
   b - Statue Form                    Transmutation/Earth          6
   c - Hydra Form                     Transmutation                6
   d - Dragon Form                    Transmutation                7
 W - a book of Misfortune

   Spells                             Type                      Level
   a - Confusing Touch                Hexes                        1
   b - Confuse                        Hexes                        3
   c - Gell's Gravitas                Translocation                3
   d - Petrify                        Transmutation/Earth          4
   e - Metabolic Englaciation         Hexes/Ice                    5
   f - Yara's Violent Unravelling     Hexes/Transmutation          5
Comestibles
 c - 8 bread rations
 F - 16 meat rations


   Skills:
 - Level 7.0 Fighting
 - Level 11.9 Dodging
 - Level 3.6 Stealth
 - Level 5.0 Shields
 - Level 22.0 Spellcasting
 - Level 25.5 Conjurations
 - Level 14.1 Summonings
 - Level 15.8 Necromancy
 - Level 25.0 Fire Magic
 * Level 13.4 Ice Magic
 - Level 11.0 Invocations


You had 5 spell levels left.
You knew the following spells:

 Your Spells              Type           Power        Failure   Level  Hunger
a - Flame Tongue          Conj/Fire      #####        0%          1    None
b - Infestation           Necr           #######...   12%         8    ####...
e - Sticky Flame          Conj/Fire      ########     0%          4    None
f - Fireball              Conj/Fire      ########..   0%          5    None
g - Dispel Undead         Necr           #######.     1%          5    None
h - Bolt of Draining      Conj/Necr      ########..   0%          5    None
i - Bolt of Cold          Conj/Ice       ########..   1%          6    None
j - Agony                 Necr           #######.     1%          5    None
k - Delayed Fireball      Conj/Fire      N/A          1%          7    None
l - Repel Missiles        Chrm/Air       #####.       1%          2    None
m - Blink                 Tloc           N/A          1%          2    None
n - Haunt                 Necr/Summ      #######...   1%          7    None
o - Fire Storm            Conj/Fire      ########..   6%          9    #####..
r - Regeneration          Chrm/Necr      ######....   1%          3    None


Dungeon Overview and Level Annotations

Branches:
Dungeon (15/15)            Temple (1/1) D:4            Lair (6/6) D:8
  Swamp (4/4) Lair:3       Spider (4/4) Lair:3        Slime (5/5) Lair:6
    Orc (2/2) D:10            Elf (3/3) Orc:2        Vaults (5/5) D:13
  Crypt (0/3) Vaults:2     Depths (5/5) D:15            Zot (0/5) Depths:5

Altars:
Cheibriados
Dithmenos
Elyvilon
Fedhas
Hepliaklqana
Makhleb
Nemelex Xobeh
Okawaru
Qazlal
Ru
Sif Muna
Trog
Uskayaw
Vehumet
Yredelemnul
The Shining One
Jiyva

Shops:
D:5 (   D:7 (   D:8 (*(!   Orc:2 *=(   Elf:2 }   Vaults:1 [%=?   Vaults:3 }
Vaults:4 :   Vaults:5 }

Portals:
Hell: Depths:1 Depths:2 Depths:3 Depths:5
Abyss: Depths:3 Depths:4
Pandemonium: Depths:3

Annotations:
Swamp:2 exclusion: Roxanne, Roxanne


Innate Abilities, Weirdness & Mutations

[You are clumsy. (Dex -2)]


Message History

You feel protected from missiles.
There is an open door here.
There is a one-way gate to the infinite horrors of the Abyss here.
You start resting.
HP restored.
Okay, then.
Saving game... please wait.
Welcome back, Tabu the Deep Elf Fire Elementalist.
Sif Muna whispers: I know many secrets...
Press ? for a list of commands and other information.
Saving game... please wait.
Welcome back, Tabu the Deep Elf Fire Elementalist.
Sif Muna whispers: I know many secrets...
Press ? for a list of commands and other information.
Saving game... please wait.
Welcome back, Tabu the Deep Elf Fire Elementalist.
Sif Muna whispers: I know many secrets...
Press ? for a list of commands and other information.
There is an open door here.
Are you sure you want to abandon this character and quit the game? (Confirm with "yes".)

#.....).......# #.
#......)).....# #.
#.....(.......# #.
......(......# #.
.............# ##
.............# #
######.[......# #
#...)#........# #
#....@........# #
#....##'##'#### #
#∩...#...#.# #
######...#.##### #
#........#.....# #
#........####..# #
#........####..#######
#..).....'............
#........####.########


There were no monsters in sight!

Vanquished Creatures
  the Royal Jelly (Slime:5)
  2 ancient liches
  Mara (Vaults:3)
  A juggernaut (Depths:3)
  Sojobo (Depths:2)
  Saint Roka (Orc:2)
  3 caustic shrikes (Depths:3)
  The ghost of Tekks the Executioner, a veteran DDFi of Makhleb (Depths:3)
  4 golden dragons
  A tentacled monstrosity (Vaults:5)
  9 liches
  Rupert (Orc:2)
  3 quicksilver dragons
  2 titans (Vaults:5)
  12 large abominations
  A deep elf master archer (Elf:3)
  2 deep elf blademasters
  31 acid blobs
  5 thorn hunters
  Frances (Elf:2)
  4 sphinxes
  Kirke (Lair:5)
  5 storm dragons
  7 tentacled starspawn
  6 tengu reavers
  24 azure jellies
  3 shadow dragons
  A revenant (Abyss:1)
  Donald (Swamp:2)
  14 fire giants
  A draconian monk (Depths:5)
  9 frost giants
  10 vault wardens
  2 iron dragons
  4 deep elf sorcerers (Elf:3)
  3 emperor scorpions
  Louise (Swamp:2)
  Aizul (Swamp:2)
  A deep elf elementalist (Elf:3)
  3 ghost moths
  A juggernaut zombie (Depths:3)
  A draconian shifter (Depths:5)
  An angel (Depths:4)
  2 war gargoyles
  2 spriggan defenders
  31 very ugly things
  7 entropy weavers
  16 ironheart preservers
  15 deep elf demonologists
  21 stone giants
  4 vampire knights
  6 starcursed masses
  A black draconian (Depths:5)
  8 deep elf annihilators
  2 white draconians (Depths:5)
  A dire elephant (Abyss:1)
  11 spark wasps
  15 ettins
  A red draconian (Depths:5)
  13 fire dragons
  15 death oozes (Slime:5)
  8 deep elf death magi
  11 yaktaur captains
  Josephine (D:11)
  A hydra (shapeshifter) (D:14)
  9 great orbs of eyes
  3 deep elf high priests
  Fannar (Orc:1)
  13 ice dragons
  A ghost crab (Swamp:3)
  28 vault guards
  A quicksilver dragon skeleton (Abyss:3)
  30 hydras
  5 spriggan air magi
  Erolcha (D:10)
  6 rakshasas
  An anaconda (shapeshifter) (Vaults:5)
  3 death knights
  The ghost of bezhaha the Slicer, a novice DrAr of Nemelex Xobeh (D:9)
  9 centaur warriors
  20 ogre magi
  9 alligators
  9 dancing weapons
  2 titan zombies
  6 death yaks (Lair:6)
  5 tengu warriors
  8 deep troll shamans
  9 deep troll earth magi
  A hell hog (Volcano)
  6 thrashing horrors
  3 orc high priests (Orc:2)
  8 spriggan berserkers
  9 hell knights
  22 deep elf knights
  2 vampire magi
  A shock serpent (shapeshifter) (Elf:3)
  9 skeletal warriors (Vaults:2)
  A sun demon (Abyss:4)
  Nergalle (Orc:1)
  3 wretched stars
  An iron troll (Depths:4)
  A sixfirhy (Abyss:3)
  The ghost of Promi the Magician, a novice DgWz (D:7)
  A fire crab (shapeshifter) (Vaults:1)
  A golden dragon zombie (Abyss:1)
  3 spriggan druids (Swamp:4)
  9 swamp dragons
  4 flayed ghosts
  6 wizards
  5 glowing orange brains
  22 deep trolls
  20 deep elf archers
  6 phantasmal warriors
  13 ironbrand convokers
  5 unseen horrors
  22 removed MONS_HILL_GIANTs
  A tengu zombie (Vaults:5)
  A shambling mangrove (Swamp:2)
  17 orb spiders
  6 necromancers
  18 orc knights
  A wolf spider zombie (D:14)
  41 ugly things
  9 harpies (Vaults:3)
  A stone giant zombie (Orc:1)
  27 wolf spiders
  A sphinx skeleton (Vaults:2)
  7 orc sorcerers
  2 manticores
  85 deep elf magi
  A salamander (shapeshifter) (Depths:5)
  12 cyclopes
  4 tengu skeletons (Vaults:2)
  5 salamanders
  A moth of wrath (Spider:1)
  4 shining eyes (Slime:5)
  An apocalypse crab (Depths:4)
  A worldbinder (Abyss:3)
  16 elephants
  21 vault sentinels
  Maurice (D:9)
  2 eyes of devastation (Slime:5)
  3 frost giant skeletons (Vaults:2)
  A gargoyle (D:15)
  16 spiny frogs
  A guardian serpent (shapeshifter) (Depths:3)
  4 smoke demons
  A guardian serpent (Abyss:3)
  3 black mambas
  2 orange demons
  3 torpor snails
  An efreet (D:13)
  A rime drake (shapeshifter) (Vaults:5)
  8 freezing wraiths
  5 kobold demonologists
  4 rime drakes
  5 komodo dragons
  3 demonic crawlers
  A human zombie (Vaults:2)
  An ice devil (Abyss:2)
  44 yaktaurs
  2 ancient zymes
  2 tengu conjurers
  A tormentor (Depths:3)
  A red devil (Abyss:3)
  A merfolk (shapeshifter) (Depths:4)
  2 yaktaur skeletons (Vaults:2)
  A jumping spider (shapeshifter) (Vaults:5)
  2 meliai (shapeshifter)
  A queen bee (Lair:4)
  A wind drake (shapeshifter) (D:13)
  3 polar bears
  9 trolls
  A queen bee (shapeshifter) (Vaults:1)
  33 jumping spiders
  6 meliai
  A wolf spider simulacrum (Vaults:1)
  6 tyrant leeches
  21 hornets
  30 two-headed ogres
  Grinder (D:5)
  52 slime creatures
  5 dream sheep
  28 blink frogs
  A stone giant simulacrum (Vaults:2)
  8 bog bodies
  A fire dragon zombie (Abyss:1)
  13 hippogriffs
  An ettin zombie (Vaults:5)
  10 raiju
  A spriggan (shapeshifter) (Depths:1)
  4 ynoxinuls
  4 air elementals
  65 redbacks
  21 spriggans
  8 wraiths
  A tarantella (shapeshifter) (Depths:3)
  2 fire elementals
  47 yaks
  5 fire bats (Orc:1)
  24 tarantellas
  7 water elementals
  A removed MONS_HILL_GIANT zombie (Orc:1)
  3 basilisks
  A wyvern (Lair:5)
  2 golden eyes (Abyss:3)
  A steam dragon (D:9)
  2 golden eyes (shapeshifter)
  11 vampire mosquitoes
  3 chaos spawn
  6 hogs
  2 hungry ghosts
  11 small abominations
  A neqoxec (Abyss:3)
  16 swamp worms
  An acid dragon (D:15)
  A soldier ant (D:10)
  A spatial vortex (Abyss:3)
  A swamp worm (shapeshifter) (Vaults:4)
  11 wargs
  5 insubstantial wisps
  A soldier ant (shapeshifter) (Vaults:1)
  4 hell hounds
  12 porcupines
  14 water moccasins
  A hornet zombie (D:15)
  16 swamp drakes
  48 orc warriors
  6 ice beasts
  A swamp drake (shapeshifter) (Depths:4)
  9 sky beasts
  6 black bears
  2 black bears (shapeshifter)
  2 necrophages (D:8)
  An ettin simulacrum (Vaults:2)
  6 eyes of draining
  An eye of draining (shapeshifter) (Vaults:3)
  An ice beast (shapeshifter) (Vaults:2)
  A tengu (shapeshifter) (Vaults:1)
  9 boggarts
  3 phantoms
  74 ogres
  7 crocodiles
  32 wolves
  15 centaurs
  18 human skeletons
  8 big kobolds
  16 bullfrogs
  A cyclops zombie (Orc:1)
  A wyvern zombie (D:9)
  5 scorpions
  30 killer bees
  An elf simulacrum (Vaults:3)
  11 wights
  5 howler monkeys
  4 electric eels
  10 crimson imps
  5 quasits
  2 human simulacra
  2 jellies
  2 centaur zombies
  25 orc priests
  4 bullfrog zombies
  9 hounds
  38 orc wizards
  2 bullfrog skeletons
  2 iron imps (Abyss:1)
  6 centaur skeletons
  7 iguanas
  8 worker ants
  A polar bear simulacrum (D:15)
  A hell rat (shapeshifter) (Vaults:5)
  2 yak simulacra (D:15)
  4 wolf simulacra (D:15)
  4 big kobold zombies (Ossuary)
  5 hound skeletons
  2 mummies (Ossuary)
  13 adders
  3 gnolls (D:5)
  5 shadow imps
  2 white imps
  2 adder zombies
  5 worms
  3 dart slugs
  4 leopard geckos
  122 orcs
  10 giant cockroaches
  A goblin (shapeshifter) (D:15)
  12 goblins
  9 hobgoblins
  15 jackals
  3 quokkas
  2 ball pythons
  10 bats
  8 frilled lizards
  2 gnoll zombies (Ossuary)
  3 goblin zombies (Ossuary)
  5 hobgoblin zombies (Ossuary)
  19 kobolds
  A leopard gecko skeleton (D:8)
  A leopard gecko zombie (D:8)
  3 quokka skeletons
  8 rats
  4 river rat simulacra (D:15)
  A fire vortex (Orc:1)
  2 fungi (Lair:5)
  A plant (Lair:5)
  4 starspawn tentacles (Abyss:1)
2447 creatures vanquished.

Vanquished Creatures (collateral kills)
  Dissolution (Slime:3)
  Frederick (Vaults:4)
  3 golden dragons
  3 tentacled monstrosities
  4 titans
  A tentacled starspawn (Abyss:2)
  3 acid blobs (Slime:5)
  6 shadow dragons
  2 tengu reavers
  A vault warden (Vaults:5)
  2 iron dragons
  A ghost moth (Spider:4)
  6 emperor scorpions (Spider:4)
  A deep elf elementalist (Elf:3)
  2 stone giants
  5 very ugly things
  3 war gargoyles
  2 spark wasps
  A merfolk impaler (Depths:1)
  2 death oozes (Slime:5)
  A quicksilver dragon zombie (Depths:3)
  A crystal guardian (Vaults:4)
  A deep elf high priest (Depths:1)
  A yaktaur captain (Depths:1)
  A great orb of eyes (Depths:3)
  An ice dragon (Depths:1)
  A spriggan air mage (Depths:3)
  A centaur warrior (Depths:1)
  An ogre mage (Vaults:5)
  16 dancing weapons
  2 thrashing horrors (Abyss:2)
  2 deep elf knights (Elf:2)
  A wretched star (Abyss:3)
  A hell knight (Depths:2)
  A salamander mystic (Depths:3)
  A quicksilver dragon simulacrum (Abyss:3)
  2 deep trolls
  An orange crystal statue (Depths:1)
  A necromancer (Depths:3)
  An orc sorcerer (Vaults:4)
  8 deep elf magi
  A tengu skeleton (Depths:3)
  4 orb spiders (Spider:4)
  A shining eye (Slime:5)
  3 wolf spiders
  A salamander (Depths:3)
  2 ugly things (Depths:3)
  A sphinx skeleton (Depths:3)
  A worldbinder (Abyss:4)
  3 large abominations
  9 yaktaurs
  9 demonic crawlers
  A komodo dragon (shapeshifter) (Vaults:5)
  An ancient zyme (Abyss:3)
  2 jumping spiders (Spider:4)
  A two-headed ogre (Depths:1)
  8 raiju
  2 slime creatures (Slime:5)
  2 air elementals (Depths:1)
  13 redbacks
  5 tarantellas (Spider:4)
  2 water elementals (Depths:1)
  2 golden eyes (Abyss:3)
  7 ogres
  4 earth elementals
  A starcursed mass (Abyss:4)
  An orc (Vaults:4)
  2 starspawn tentacles (Abyss:2)
185 creatures vanquished.

Vanquished Creatures (others)
  A vault warden (Vaults:5)
  4 stone giants
  A yaktaur captain (Vaults:4)
  A deep elf knight (Elf:2)
  A deep elf archer (Elf:2)
  A wizard (D:14)
  8 yaktaurs
  A water elemental (Depths:1)
  An eye of draining (D:13)
  A small abomination (Abyss:3)
  2 orcs
  A bush (Lair:5)
  98 fire vortices
  11 fungi
  6 plants
  7 starspawn tentacles
145 creatures vanquished.

Grand Total: 2777 creatures vanquished

Notes
Turn   | Place    | Note
-------+----------+-------------------------------------------
     0 | D:1      | Tabu the Deep Elf Fire Elementalist began the quest for the Orb.
     0 | D:1      | Reached XP level 1. HP: 10/10 MP: 6/6
   214 | D:1      | Reached XP level 2. HP: 15/15 MP: 2/8
   526 | D:1      | Reached XP level 3. HP: 11/19 MP: 0/9
   636 | D:1      | Learned a level 2 spell: Throw Flame
   640 | D:1      | Learned a level 3 spell: Conjure Flame
  1188 | D:2      | Reached XP level 4. HP: 12/24 MP: 8/11
  1499 | D:2      | Learned a level 3 spell: Inner Flame
  2020 | D:3      | Noticed a sky beast
  2089 | D:3      | Killed a sky beast
  2089 | D:3      | Reached XP level 5. HP: 9/28 MP: 5/13
  2470 | D:3      | Found a shadowy altar of Dithmenos.
  2967 | D:4      | Found a sand-covered staircase.
  2975 | Ossuary  | Entered an ossuary
  2999 | Ossuary  | Reached skill level 5 in Fire Magic
  3087 | Ossuary  | Reached XP level 6. HP: 27/32 MP: 4/14
  3159 | Ossuary  | Learned a level 4 spell: Sticky Flame
  3556 | D:4      | Found a staircase to the Ecumenical Temple.
  3600 | Temple   | Entered the Ecumenical Temple
  3614 | Temple   | Became a worshipper of Sif Muna the Loreminder
  3921 | D:4      | Reached XP level 7. HP: 36/36 MP: 0/16
  4405 | D:5      | Entered Level 5 of the Dungeon
  4441 | D:5      | Reached skill level 5 in Spellcasting
  4520 | D:5      | Reached skill level 5 in Dodging
  4641 | D:5      | Found a white marble altar of Elyvilon.
  4664 | D:5      | Noticed Grinder
  4728 | D:5      | Killed Grinder
  4728 | D:5      | Reached * piety under Sif Muna
  4728 | D:5      | Reached skill level 5 in Conjurations
  4728 | D:5      | Reached XP level 8. HP: 39/41 MP: 15/18
  5122 | D:5      | Found Kupliann's Antique Weapon Boutique.
  5576 | D:6      | Learned a level 5 spell: Fireball
  5590 | D:6      | Reached ** piety under Sif Muna
  5627 | D:6      | Found a stormy altar of Qazlal.
  5949 | D:6      | Found a hide-covered altar of Uskayaw.
  5950 | D:6      | Found a sacrificial altar of Ru.
  6470 | D:6      | Reached XP level 9. HP: 39/45 MP: 21/21
  6790 | D:7      | Noticed Promi's ghost (novice DgWz)
  6798 | D:7      | Killed Promi's ghost
  6798 | D:7      | Reached *** piety under Sif Muna
  6971 | D:7      | Found Osutoer's Antique Weapon Emporium.
  7009 | D:7      | Reached skill level 1 in Invocations
  7641 | D:8      | Reached skill level 10 in Fire Magic
  7848 | D:8      | Found Meanas's Antique Weapon Emporium.
  7871 | D:8      | Bought a slimy flail for 187 gold pieces
  7871 | D:8      | Identified the +7 flail "Tisan" {pain, rElec rC+ Stlth+} (You bought it in a shop on level 8 of the Dungeon)
  8036 | D:8      | Reached XP level 10. HP: 32/50 MP: 21/24
  8131 | D:8      | Found a radiant altar of Vehumet.
  8256 | D:8      | Found Vilica's General Store.
  8287 | D:8      | Bought a scroll of recharging for 123 gold pieces
  8287 | D:8      | Bought a scroll of enchant armour for 97 gold pieces
  8287 | D:8      | Bought a +0 buckler for 58 gold pieces
  8340 | D:8      | Found Toon's Antique Weapon Boutique.
  8422 | D:8      | Reached **** piety under Sif Muna
  8422 | D:8      | Reached skill level 1 in Shields
  8497 | D:8      | Found Cufoaniwn's Distillery.
  8518 | D:8      | Bought a potion of haste for 120 gold pieces
  8518 | D:8      | Bought a potion of curing for 36 gold pieces
  8559 | D:8      | Found a burning altar of Makhleb.
  8952 | D:9      | Learned a level 5 spell: Dispel Undead
  8961 | D:9      | Got a pitted helmet
  8967 | D:9      | Identified the +2 helmet "Hagycunk" {*Drain rC+ rN+} (You found it on level 9 of the Dungeon)
  8984 | D:9      | Noticed Maurice
  8988 | D:9      | Killed Maurice
  8988 | D:9      | Reached skill level 1 in Necromancy
  9173 | D:9      | Noticed bezhaha's ghost (novice DrAr)
  9180 | D:9      | Killed bezhaha's ghost
  9373 | D:9      | Found an iron altar of Okawaru.
  9695 | D:10     | Entered Level 10 of the Dungeon
  9702 | D:10     | Found a staircase to the Orcish Mines.
  9721 | D:10     | Learned a level 5 spell: Bolt of Draining
  9911 | D:10     | Reached skill level 5 in Shields
  9926 | D:10     | Reached skill level 10 in Spellcasting
 10112 | D:10     | Reached XP level 11. HP: 54/54 MP: 27/27
 10264 | D:10     | Noticed Erolcha
 10384 | D:10     | Killed Erolcha
 10384 | D:10     | Reached skill level 5 in Necromancy
 10706 | D:11     | Reached ***** piety under Sif Muna
 11017 | D:11     | Identified Geisyr's Guide on Shifting Attacks (Sif Muna gifted it to you on level 11 of the Dungeon)
 11017 | D:11     | Received a gift from Sif Muna
 11437 | D:11     | Noticed Josephine
 11445 | D:11     | Killed Josephine
 12258 | D:12     | Noticed a deep elf mage
 12275 | D:12     | Killed a deep elf mage
 12839 | D:14     | Noticed a hill giant
 13220 | D:12     | Noticed a cyan ugly thing
 13224 | D:12     | Killed a cyan ugly thing
 13224 | D:12     | Reached XP level 12. HP: 48/59 MP: 25/31
 13954 | D:14     | Noticed a death knight
 13972 | D:14     | Reached skill level 10 in Necromancy
 14073 | D:14     | Identified Zutets Buvuu's Compendium of Enhancements and the Glacier (Sif Muna gifted it to you on level 14 of the Dungeon)
 14073 | D:14     | Received a gift from Sif Muna
 14082 | D:14     | Learned a level 6 spell: Bolt of Cold
 14198 | D:14     | Noticed a great orb of eyes
 14198 | D:14     | Noticed an ice dragon
 14198 | D:14     | a great orb of eyes changed into an ice dragon
 14199 | D:14     | Noticed an eight-headed hydra
 14199 | D:14     | an ice dragon changed into an eight-headed hydra
 14205 | D:14     | Killed an eight-headed hydra
 14205 | D:14     | Reached skill level 1 in Ice Magic
 14373 | D:14     | Killed a death knight
 14536 | D:14     | Reached skill level 10 in Conjurations
 14927 | D:14     | Found a bloodstained altar of Trog.
 15375 | D:15     | Entered Level 15 of the Dungeon
 15381 | D:15     | Noticed a tengu warrior
 15477 | D:15     | Found a hazy altar of Hepliaklqana.
 15636 | D:15     | Reached skill level 5 in Ice Magic
 15728 | D:15     | Learned a level 5 spell: Agony
 15743 | D:15     | Killed a tengu warrior
 15862 | D:15     | Reached skill level 15 in Spellcasting
 15932 | D:15     | Noticed a centaur warrior
 15943 | D:15     | Gained mutation: You are agile. (Dex +2) [potion of beneficial mutation]
 15955 | D:15     | Learned a level 7 spell: Delayed Fireball
 16132 | D:15     | Killed a centaur warrior
 16132 | D:15     | Identified Sif Muna's Disquisition on Creative Translocation (Sif Muna gifted it to you on level 15 of the Dungeon)
 16132 | D:15     | Received a gift from Sif Muna
 16132 | D:15     | Reached XP level 13. HP: 63/63 MP: 27/34
 16626 | D:15     | Noticed a frost giant
 16627 | D:15     | Found a staircase to the Depths.
 16632 | D:15     | Killed a frost giant
 17212 | D:13     | Found a gate to the Vaults.
 17732 | D:8      | Identified Sif Muna's Incunabulum of Mutagenic Contamination (Sif Muna gifted it to you on level 8 of the Dungeon)
 17732 | D:8      | Received a gift from Sif Muna
 17767 | D:8      | Found a staircase to the Lair.
 18141 | Lair:1   | Entered Level 1 of the Lair of Beasts
 18530 | Lair:1   | Found a radiant altar of Vehumet.
 19360 | Lair:2   | Found a dark tunnel.
 19725 | Volcano  | Entered a volcano
 19757 | Volcano  | Reached XP level 14. HP: 68/68 MP: 32/36
 19807 | Volcano  | Got a pair of ancient boots
 19885 | Volcano  | Identified the +1 pair of boots of the Butterfly {rPois MR+} (You found it in a volcano)
 20955 | Lair:3   | Found a staircase to the Swamp.
 20959 | Lair:3   | Reached skill level 1 in Fighting
 21227 | Lair:3   | Found a hole to the Spider Nest.
 21331 | Lair:3   | Upgraded the game from 0.19-a0-1920-g83281cb to 0.19-a0-1922-g1e9a4c1
 21533 | Lair:4   | Learned a level 2 spell: Repel Missiles
 22292 | Lair:5   | Noticed Kirke
 22496 | Lair:6   | Entered Level 6 of the Lair of Beasts
 22900 | Lair:6   | Found a staircase to the Slime Pits.
 22919 | Lair:6   | Learned a level 2 spell: Blink
 23172 | Lair:6   | Reached skill level 5 in Fighting
 23242 | Lair:6   | Reached XP level 15. HP: 82/82 MP: 19/39
 24297 | Lair:5   | Killed Kirke
 25002 | Orc:1    | Entered Level 1 of the Orcish Mines
 25463 | Orc:1    | Reached skill level 15 in Conjurations
 25876 | Orc:1    | Noticed Nergalle
 25883 | Orc:1    | Killed Nergalle
 26198 | Orc:1    | Reached skill level 5 in Invocations
 26728 | Orc:1    | Noticed Fannar
 26731 | Orc:1    | Noticed a fire giant
 26889 | Orc:1    | Killed Fannar
 27135 | Orc:1    | Killed a fire giant
 27193 | Orc:2    | Entered Level 2 of the Orcish Mines
 27473 | Orc:2    | Found a staircase to the Elven Halls.
 27473 | Orc:2    | Noticed Saint Roka
 27864 | Orc:2    | Killed Saint Roka
 27864 | Orc:2    | Reached XP level 16. HP: 68/92 MP: 20/41
 28143 | Orc:2    | Noticed Rupert
 28146 | Orc:2    | Killed Rupert
 28146 | Orc:2    | Reached skill level 10 in Invocations
 28437 | Orc:2    | Found Uviguog's Antique Weapon Shop.
 28437 | Orc:2    | Found Gaobalal's Jewellery Emporium.
 28439 | Orc:2    | Found Rometas's Gadget Shop.
 28439 | Orc:2    | Found Sew Osk's Assorted Antiques.
 28452 | Orc:2    | Bought a scroll of identify for 40 gold pieces
 28452 | Orc:2    | Bought a scroll labeled SUXIACW DEUNG for 20 gold pieces
 28452 | Orc:2    | Bought a scroll of identify for 40 gold pieces
 28452 | Orc:2    | Bought 3 scrolls of recharging for 570 gold pieces
 28452 | Orc:2    | Bought a bubbling white potion for 18 gold pieces
 29178 | Swamp:1  | Entered Level 1 of the Swamp
 29552 | Swamp:2  | Noticed Louise
 29555 | Swamp:2  | Killed Louise
 29586 | Swamp:2  | Noticed Aizul
 29599 | Swamp:2  | Killed Aizul
 29654 | Swamp:2  | Noticed a thorn hunter
 29663 | Swamp:2  | Killed a thorn hunter
 29970 | Swamp:2  | Noticed Donald
 29974 | Swamp:2  | Killed Donald
 29999 | Swamp:2  | Noticed Roxanne
 31178 | Swamp:3  | Identified Sif Muna's Collected Works on Evil (Sif Muna gifted it to you on level 3 of the Swamp)
 31178 | Swamp:3  | Received a gift from Sif Muna
 31611 | Swamp:4  | Entered Level 4 of the Swamp
 31715 | Swamp:3  | Learned a level 7 spell: Haunt
 31932 | Swamp:4  | Noticed a thorn hunter
 31943 | Swamp:3  | Killed a thorn hunter
 32617 | Swamp:4  | Reached skill level 5 in Summonings
 32756 | Swamp:4  | Noticed a thorn hunter
 32759 | Swamp:4  | Killed a thorn hunter
 32767 | Swamp:4  | Noticed a thorn hunter
 32769 | Swamp:4  | Reached XP level 17. HP: 96/96 MP: 8/42
 32907 | Swamp:4  | Got a decaying rune of Zot
 33796 | D:15     | Reached skill level 10 in Summonings
 34020 | Depths:1 | Entered Level 1 of the Depths
 34022 | Depths:1 | Identified Peobe's Handbook of Spatial Cold (Sif Muna gifted it to you on level 1 of the Depths)
 34022 | Depths:1 | Received a gift from Sif Muna
 34514 | Vaults:1 | Entered Level 1 of the Vaults
 34801 | Vaults:1 | Upgraded the game from 0.19-a0-1922-g1e9a4c1 to 0.19-a0-1931-gf4bb0bd
 34879 | Vaults:1 | Found Tucweocwac's Armour Boutique.
 35323 | Vaults:1 | Found Tytsoick's Food Shop.
 35893 | Vaults:1 | Found Pixzy's Jewellery Emporium.
 35902 | Vaults:1 | Bought a +5 amulet of reflection for 425 gold pieces
 35937 | Vaults:1 | Found Osim's Magic Scroll Shoppe.
 36819 | Vaults:2 | Reached XP level 18. HP: 101/101 MP: 21/43
 36934 | Vaults:2 | Found a hazy altar of Hepliaklqana.
 37019 | Vaults:2 | Upgraded the game from 0.19-a0-1931-gf4bb0bd to 0.19-a0-1933-g052ff51
 38476 | Vaults:2 | Got a steaming flail
 38477 | Vaults:2 | Identified the +7 flail "Cyroed" {antimagic, Dex+5} (You found it on level 2 of the Vaults)
 38576 | Vaults:2 | Identified Sif Muna's Compendium of Ghastly Combat Magic (Sif Muna gifted it to you on level 2 of the Vaults)
 38576 | Vaults:2 | Received a gift from Sif Muna
 39508 | Vaults:2 | Found a staircase to the Crypt.
 40126 | Vaults:3 | Got a brightly glowing rapier
 40127 | Vaults:3 | Identified the +1 rapier of Rytattuje {vamp, *Rage rN++ MR+} (You found it on level 3 of the Vaults)
 41223 | Vaults:3 | Received a gift from Sif Muna
 41223 | Vaults:3 | Reached XP level 19. HP: 105/105 MP: 35/46
 41749 | Vaults:3 | Noticed Mara
 41765 | Vaults:3 | Killed Mara
 42472 | Vaults:3 | Found Uruster's Gadget Emporium.
 43379 | Vaults:4 | Identified Sif Muna's Tome of the Bruised Cities (Sif Muna gifted it to you on level 4 of the Vaults)
 43379 | Vaults:4 | Received a gift from Sif Muna
 43980 | Vaults:4 | Noticed Frederick
 44002 | Vaults:4 | Killed Frederick
 44195 | Vaults:4 | Upgraded the game from 0.19-a0-1933-g052ff51 to 0.19-a0-1937-g70ed36a
 44328 | Vaults:4 | Found Woerrybb's Book Shoppe.
 45887 | Vaults:5 | Entered Level 5 of the Vaults
 45929 | Vaults:4 | Learned a level 9 spell: Fire Storm
 45952 | Vaults:4 | Reached XP level 20. HP: 70/111 MP: 21/48
 45953 | Vaults:4 | Identified Sif Muna's Grimoire of Attacks (Sif Muna gifted it to you on level 4 of the Vaults)
 45953 | Vaults:4 | Received a gift from Sif Muna
 46496 | Vaults:4 | Reached skill level 15 in Fire Magic
 46643 | Vaults:5 | Noticed an ancient lich
 47256 | Vaults:5 | Killed an ancient lich
 47787 | Vaults:5 | Received a gift from Sif Muna
 48462 | Vaults:5 | Noticed a golden dragon
 48623 | Vaults:5 | Killed a golden dragon
 48732 | Vaults:5 | Identified the Compendium of Cankerous Unholy Rituals
 48785 | Vaults:5 | Found Axoqase's Gadget Shop.
 48907 | Vaults:5 | Reached XP level 21. HP: 115/115 MP: 42/49
 49182 | Vaults:5 | Got an uncursed smoking rapier {pierce}
 49183 | Vaults:5 | Identified the +5 rapier "Cetomick" {pierce, rPois Int+6} (You took it off a yaktaur captain on level 5 of the Vaults)
 49582 | Vaults:5 | Identified Tatopp's Handbook of the Supportive Voyage (Sif Muna gifted it to you on level 5 of the Vaults)
 49582 | Vaults:5 | Received a gift from Sif Muna
 49594 | Vaults:5 | Got a smoking platinum ring
 49835 | Vaults:5 | Noticed a golden dragon
 49859 | Vaults:5 | Killed a golden dragon
 49956 | Vaults:5 | Identified the ring of Kindness {rF+ rC+ MP+9 Dex+3} (You took it off a vault warden on level 5 of the Vaults)
 50062 | Vaults:5 | Got a silver rune of Zot
 50294 | Vaults:5 | Identified a scroll of acquirement
 50665 | Vaults:5 | Got a crystal scimitar {slice}
 50666 | Vaults:5 | Identified the cursed +0 scimitar of Corporal Punishment {slice, rElec Dex+4} (You took it off an orc on level 5 of the Vaults)
 51039 | Elf:1    | Entered Level 1 of the Elven Halls
 51977 | Elf:2    | Noticed Frances
 51980 | Elf:2    | Killed Frances
 52757 | Elf:2    | Found Nifamuqusy's Gadget Boutique.
 53101 | Elf:2    | Identified Uxaimypt's Catalogue of the Arsonist and Boosts (Sif Muna gifted it to you on level 2 of the Elven Halls)
 53101 | Elf:2    | Received a gift from Sif Muna
 53422 | Elf:2    | Found a runed gate.
 53423 | Elf:2    | Found a runed gate.
 53424 | Elf:2    | Found a runed gate.
 55049 | Elf:3    | Entered Level 3 of the Elven Halls
 55599 | Elf:3    | Paralysed by a floating eye for 2 turns
 56398 | Elf:3    | Reached XP level 22. HP: 120/120 MP: 50/50
 56567 | Elf:3    | Received a gift from Sif Muna
 57049 | Elf:3    | Got a twitching marble ring
 57053 | Elf:3    | Identified the ring "Niramagh" {MP+9 Slay+3} (You took it off a deep elf knight on level 3 of the Elven Halls)
 57962 | Elf:3    | Got shimmering ice dragon scales
 57973 | Elf:3    | Identified the +6 ice dragon scales of the Untouchables {rF- rC++ rCorr Dex+4 Slay+2} (You found it on level 3 of the Elven Halls)
 58063 | Elf:3    | Got a smoking hand axe
 58070 | Elf:3    | Identified the +1 hand axe "Riomobarghi" {pain, MR+ Dex+3} (You found it on level 3 of the Elven Halls)
 58074 | Elf:3    | Identified the Catalogue of Sinister Poison
 58085 | Elf:3    | Learned a level 3 spell: Regeneration
 58795 | Slime:1  | Entered Level 1 of the Pits of Slime
 58935 | Slime:3  | Noticed Dissolution
 58940 | Slime:3  | Killed Dissolution
 59021 | Slime:4  | Identified Sif Muna's Collected Works on Air and Creation (Sif Muna gifted it to you on level 4 of the Pits of Slime)
 59021 | Slime:4  | Received a gift from Sif Muna
 59190 | Slime:5  | Entered Level 5 of the Pits of Slime
 59647 | Slime:5  | Gained mutation: Your magical capacity is low. (-10% MP) [a shining eye]
 60065 | Slime:5  | Gained mutation: You expend magic power (3 MP) to strengthen your wands. [a shining eye]
 60297 | Slime:5  | Noticed the Royal Jelly
 60374 | Slime:5  | Lost mutation: You expend magic power (3 MP) to strengthen your wands. [potion of cure mutation]
 60374 | Slime:5  | Lost mutation: You are agile. (Dex +2) [potion of cure mutation]
 60374 | Slime:5  | Lost mutation: Your magical capacity is low. (-10% MP) [potion of cure mutation]
 60814 | Slime:5  | Found a viscous altar of Jiyva.
 61338 | Slime:5  | Killed the Royal Jelly
 61384 | Slime:5  | Identified the Volume of Blistering Earth
 61414 | Slime:5  | Got a slimy rune of Zot
 61467 | Slime:5  | Got a pitted ivory ring
 61468 | Slime:5  | Identified the ring "Yfopnaz" {rElec rF+ Str+5} (You found it on level 5 of the Pits of Slime)
 61712 | Spider:1 | Entered Level 1 of the Spider Nest
 62165 | Lair:3   | Upgraded the game from 0.19-a0-1937-g70ed36a to 0.20-a0-2-g2b0e13a
 62401 | Vaults:2 | Reached XP level 23. HP: 124/124 MP: 49/51
 62577 | Vaults:2 | Identified Sif Muna's Papyrus of the Blaze and Flight (Sif Muna gifted it to you on level 2 of the Vaults)
 62577 | Vaults:2 | Received a gift from Sif Muna
 65276 | Spider:3 | Identified Sif Muna's Volume of Conjuration and Heat (Sif Muna gifted it to you on level 3 of the Spider Nest)
 65276 | Spider:3 | Received a gift from Sif Muna
 65295 | Spider:3 | Learned a level 1 spell: Infusion
 65339 | Spider:3 | Learned a level 8 spell: Infestation
 65539 | Spider:4 | Entered Level 4 of the Spider Nest
 65883 | Spider:4 | Got a gossamer rune of Zot
 69666 | Depths:1 | Found a gateway to Hell.
 70465 | Depths:1 | Identified Sif Muna's Papyrus of Flight and Enchantment (Sif Muna gifted it to you on level 1 of the Depths)
 70465 | Depths:1 | Received a gift from Sif Muna
 70729 | Depths:1 | Reached XP level 24. HP: 101/130 MP: 36/51
 71410 | Depths:2 | Noticed Sojobo
 71446 | Depths:2 | Killed Sojobo
 72408 | Depths:3 | Got a transparent copper amulet
 72409 | Depths:3 | Identified the amulet of the Many Lies {Spirit Dex+3} (You found it on level 3 of the Depths)
 72651 | Depths:3 | HP: 3/130 [shadow dragon/bolt of negative energy (12)]
 72690 | Depths:3 | Received a gift from Sif Muna
 72703 | Depths:3 | Noticed Tekks's ghost (veteran DDFi)
 72905 | Depths:3 | Killed Tekks's ghost
 74003 | Depths:3 | Noticed an ancient lich
 74009 | Depths:3 | Killed an ancient lich
 74030 | Depths:3 | Noticed a juggernaut
 74040 | Depths:3 | Killed a juggernaut
 74396 | Depths:3 | Got a shimmering leather armour
 74407 | Depths:3 | Identified the +1 leather armour of Ichef {-Cast rPois Int+6 Dex+3} (You found it on level 3 of the Depths)
 74495 | Depths:3 | Reached XP level 25. HP: 134/134 MP: 39/51
 74503 | Depths:3 | Identified Ryaniud's Papyrus of Hurtful Necromancy (Sif Muna gifted it to you on level 3 of the Depths)
 74503 | Depths:3 | Received a gift from Sif Muna
 75148 | Depths:3 | Found a one-way gate leading to the halls of Pandemonium.
 75252 | Depths:3 | Found a one-way gate to the infinite horrors of the Abyss.
 75497 | Depths:4 | Found a radiant altar of Vehumet.
 77168 | Depths:5 | Entered Level 5 of the Depths
 77320 | Depths:4 | Reached skill level 10 in Dodging
 78255 | Depths:5 | Reached skill level 15 in Necromancy
 78584 | Depths:5 | Received a gift from Sif Muna
 78588 | Depths:5 | Found a gate to the Realm of Zot.
 79051 | Depths:4 | Voluntarily entered the Abyss.
 79115 | Abyss:2  | Found a corrupted altar of Lugonu.
 79305 | Abyss:2  | Reached skill level 10 in Ice Magic
 79686 | Abyss:3  | Reached XP level 26. HP: 104/140 MP: 17/51
 79824 | Depths:4 | Escaped the Abyss
 80055 | Depths:4 | Voluntarily entered the Abyss.
 80171 | Abyss:1  | Found a corrupted altar of Lugonu.
 80463 | Depths:4 | Escaped the Abyss
 80712 | Depths:4 | Upgraded the game from 0.20-a0-2-g2b0e13a to 0.20-a0-544-g2b9a704
 80712 | Depths:4 | Upgraded the game from 0.20-a0-544-g2b9a704 to 0.20-a0-842-g939b552
 80712 | Depths:4 | Upgraded the game from 0.20-a0-842-g939b552 to 0.20-a0-983-g35de22d
 80716 | Depths:4 | Quit the game

Vault maps used:
D:1:      minmay_arrival_four_loops
D:2:      serial_bayou, serial_bayou_lake_a, serial_bayou_pond_d,
          serial_bayou_pond_d, serial_bayou_pond_e, hangedman_feature_mirror
D:3:      nicolae_dithmenos_shadow_blocks
D:4:      nicolae_ossuary_entry_monument, first_bread, roderic_three_in_a_row
D:5:      basic_altar, serial_shops, kennysheep_little_box, sigmund_army,
          uniq_grinder
D:6:      gammafunk_temple_overflow_pools, nicolae_qazlal_general_emergency,
          hangedman_abyss_or_decor_stagger
D:7:      kennysheep_small_spiral, the_bakery, kennysheep_windowed_goal
D:8:      lemuel_crystal_altar, minmay_lair_entry_lava, serial_shops, shop,
          shop, shop, nicolae_shop_waterfront, makhleb_blood_cavern_becter
D:9:      okawaru_trees_1, amethyst_killhole, uniq_maurice
D:10:     orc_0_dummy, uniq_erolcha
D:11:     minmay_bent, uniq_josephine
D:13:     david_vaults_1, kennysheep_generic_room_3
D:14:     trog_wizard
D:15:     grunt_enter_depths_snipers, basic_altar, eino_house_with_fridge
Temple:   nicolae_temple_elliptical
Lair:1:   basic_altar, infiniplex_staircase_pool_2
Lair:2:   nicolae_volcano_entry_lava_flow, hangedman_lair_generics_rect,
          serial_bayou_shore_b
Lair:3:   minmay_swamp_entry_worms, spider_nest_entry_webs
Lair:4:   minivault_19
Lair:5:   beast_lair_carwin_1, grunt_megastairs_1, uniq_kirke
Lair:6:   minmay_lair_end_enchanted_forest, slime_dummy
Swamp:1:  evilmike_swamp_ruin_rubble_2, swamp_pool4
Swamp:2:  evilmike_swamp_ruin_house_5, swamp_pool5, uniq_louise, uniq_aizul,
          uniq_donald, uniq_roxanne
Swamp:3:  serial_swamp_ruin, evilmike_swamp_ruin_house_3,
          evilmike_swamp_ruin_wall, evilmike_swamp_ruin_house_1
Swamp:4:  swamp, swamp_pool1
Spider:4: grunt_spider_rune_circles
Slime:1:  nicolae_slime_barrier, cheibrodos_slime_lost_civilization_6
Slime:3:  uniq_dissolution
Slime:4:  nicolae_slime_phagocytosis
Orc:1:    giant_chief_lemuel, uniq_nergalle, uniq_fannar
Orc:2:    grunt_orc_tribal_feast, nicolae_orc_lava_tube, uniq_saint_roka,
          uniq_rupert
Elf:1:    eino_elf_arrival_the_gate, hangedman_elf_represent, uniq_frances
Elf:2:    serial_shops, nicolae_shop_crystal
Elf:3:    minmay_elf_hall_not_hex
Vaults:1: vaults_dpeg_cross, vaults_mumra_minichess,
          ontoclasm_vaults_loading_screen, v_misc_13, vaults_room_boxed,
          nicolae_vaults_three_branches, nicolae_vaults_asterisk,
          vaults_dpeg_hooks, nicolae_vaults_alarming, ontoclasm_vaults_chip,
          grunt_vaults_hallway_short, serial_shops, shop,
          nicolae_shop_window_shopping, nicolae_shop_statue_plus,
          nicolae_shop_temple_entry_statues_fountains
Vaults:2: nicolae_vaults_network_quinsquares, v_rooms_2, ontoclasm_vaults_eye,
          vaults_dpeg_spiral, nicolae_vaults_c_with_doors, v_pattern_5,
          v_misc_8, hangedman_vaults_locks, vaults_standard_mumra_lines,
          minmay_crypt_entry_skeletal_spiral, v_misc_16, v_misc_19,
          ontoclasm_vaults_loading_screen, basic_altar
Vaults:3: kb_rosetta, v_alt_pattern_5, vaults_room_door_hall, v_misc_2,
          v_misc_2, nicolae_vaults_specimen_jars, hangedman_vaults_capsules,
          serial_shops, shop, uniq_mara
Vaults:4: ontoclasm_vaults_claustrophobia, nicolae_vaults_ninety_degrees,
          v_misc_2, v_misc_27, grunt_vaults_diagonal, grunt_vaults_focal,
          dpeg_vaults_monster_row, nicolae_vaults_angled_halls,
          ontoclasm_vaults_pinch, nicolae_vaults_asterisk,
          nicolae_vaults_sealed_display, serial_shops, shop_fountains,
          uniq_frederick
Depths:1: cheibrodos_leafed_vault, pf_vacation_house_of_asmodeus, minivault_14,
          minmay_crystal_water, minivault_16, minmay_door_square,
          nrook_loot_triangle, serial_bayou_ford_a,
          kennysheep_underground_church
Depths:2: minmay_fractal_lines_corner, infiniplex_staircase_hallway_doors,
          serial_shops, statue_bzr, hell_entry, uniq_sojobo
Depths:3: grunt_bent_corner, hell_entry, marbit_kobold_abyss_entry,
          rand_demon_pan_entry_9, small_chamber_with_monster
Depths:4: minmay_textured_paths, enter_ziggurat_c, minmay_room_of_horrors,
          old_standard_altar, hell_entry
Depths:5: evilmike_zot_entry_round, hangedman_coc_ice_floe
Abyss:1:  bh_abyss_negative, minivault_24
Abyss:3:  hangedman_decor_riveting, evilmike_abyss_rune_elephants_shrine,
          hangedman_abyss_or_decor_lesser_grid
Abyss:4:  evilmike_abyss_rune_tso_outpost
Ossuary:  minmay_ossuary_gauntlet
Volcano:  volcano_pools

Skill      XL: |  1  2  3  4  5  6  7  8  9 10 11 12 13 14 15 16 17 18 19 20 21 22 23 24 25 26 |
---------------+-------------------------------------------------------------------------------+-----
Dodging        | 3 4 5 11 | 11.9
Fire Magic     | 4 5 6 7 8 10 13 18 19 21 22 24 25 | 25.0
Conjurations   | 2 3 4 5 7 9 10 12 14 15 17 18 20 22 23 25 | 25.5
Stealth        | 3 |  3.6
Spellcasting   | 4 5 6 8 10 13 15 16 18 19 21 22 | 22.0
Invocations    | 3 9 11 | 11.0
Shields        | 5 |  5.0
Necromancy     | 4 9 10 14 15 | 15.8
Ice Magic      | 5 9 11 13 | 13.4
Fighting       | 5 7 |  7.0
Summonings     | 6 14 | 14.1

Action                   |  1- 3 |  4- 6 |  7- 9 | 10-12 | 13-15 | 16-18 | 19-21 | 22-24 | 25-27 || total
-------------------------+-------+-------+-------+-------+-------+-------+-------+-------+-------++-------
Melee: Unarmed           |     5 |       |       |       |       |       |       |       |       ||     5
       Dagger            |    17 |    20 |   121 |       |       |       |       |       |       ||   158
       Short sword       |       |       |   109 |       |       |       |       |       |       ||   109
       Flail             |       |       |     1 |    12 |    10 |     6 |     1 |    34 |    10 ||    74
       Staff             |       |       |       |       |       |       |       |       |     4 ||     4
 Cast: Flame Tongue      |    66 |   169 |   176 |   315 |   173 |   133 |    59 |   130 |    36 ||  1257
       Conjure Flame     |       |     3 |     6 |    26 |     8 |       |       |       |       ||    43
       Inner Flame       |       |     2 |     4 |    19 |     3 |     1 |       |       |       ||    29
       Throw Flame       |       |     1 |    17 |    63 |    25 |       |       |       |       ||   106
       Sticky Flame      |       |     1 |    13 |    51 |    21 |    14 |     6 |    89 |    39 ||   234
       Fireball          |       |       |       |    84 |   202 |   197 |   120 |   157 |     4 ||   764
       Dispel Undead     |       |       |       |     2 |    12 |    67 |    31 |    20 |    56 ||   188
       Bolt of Draining  |       |       |       |    11 |   143 |   192 |   311 |   404 |   130 ||  1191
       Bolt of Cold      |       |       |       |     2 |    19 |    53 |    74 |    44 |    61 ||   253
       Agony             |       |       |       |     1 |   148 |   203 |   201 |   197 |    48 ||   798
       Delayed Fireball  |       |       |       |     1 |       |     1 |     1 |     1 |     1 ||     5
       Repel Missiles    |       |       |       |       |     1 |     6 |     4 |     5 |     3 ||    19
       Blink             |       |       |       |       |     6 |    21 |    42 |    25 |    14 ||   108
       Haunt             |       |       |       |       |       |    17 |   114 |    69 |    38 ||   238
       Fire Storm        |       |       |       |       |       |       |       |    16 |    44 ||    60
       Infestation       |       |       |       |       |       |       |       |    14 |     1 ||    15
       Regeneration      |       |       |       |       |       |       |       |     7 |     4 ||    11
       Infusion          |       |       |       |       |       |       |       |     1 |       ||     1
Invok: Divine Energy     |       |       |     1 |       |     1 |       |       |       |       ||     2
       Channel Magic     |       |       |       |    10 |    41 |    39 |    31 |    29 |    21 ||   171
       Stop Divine Energ |       |       |       |       |     1 |       |       |       |       ||     1
       Forget Spell      |       |       |       |       |       |       |       |     3 |       ||     3
 Abil: Release Delayed F |       |       |       |       |       |     1 |       |     1 |       ||     2
Evoke: Wand              |       |       |     4 |     2 |     5 |     3 |     5 |     2 |       ||    21
  Use: Scroll            |       |       |     2 |    14 |    22 |    18 |    17 |    17 |     1 ||    91
       Potion            |       |       |     1 |     1 |     3 |     7 |    17 |    13 |     3 ||    45
 Stab: Sleeping          |     1 |       |       |       |       |       |       |     1 |       ||     2
  Eat: Chunk             |     1 |     7 |     8 |    28 |    25 |    29 |    21 |     5 |     6 ||   130
       Buggy             |       |     1 |       |       |     1 |     1 |     2 |     1 |     1 ||     7
       Bread ration      |       |       |     1 |       |       |     1 |     3 |    10 |     7 ||    22
       Fruit             |       |       |     1 |     2 |    11 |     3 |       |     7 |       ||    24
       Royal jelly       |       |       |       |     1 |     2 |     8 |     2 |       |       ||    13
       Meat ration       |       |       |       |     1 |     2 |       |     3 |     3 |       ||     9
       Buggy             |       |       |       |     1 |     1 |     1 |     3 |       |       ||     6
Armor: Robe              |     9 |    13 |    47 |    44 |    39 |    29 |    48 |   133 |    54 ||   416
       Skin              |       |       |       |       |       |       |     1 |       |       ||     1
Dodge: Dodged            |    36 |    48 |   197 |    86 |    75 |    89 |    99 |   267 |   216 ||  1113
       Deflected         |       |       |       |       |     6 |    23 |    33 |    25 |     7 ||    94
Block: Buckler           |       |       |       |    38 |    56 |    66 |   128 |   271 |   208 ||   767
       Shield            |       |       |       |       |       |    19 |       |       |       ||    19
       Reflection        |       |       |       |       |       |    13 |    29 |    29 |    11 ||    82
